[ AOE2 MATCH · #513714321 ]
UnrankedPortuguese vs Byzantines
Player's team · LOSS
[ REPLAY ANALYSIS · EXTRACTED FROM THE RECORDED GAME ]
Feudal
13:05
Castle
19:01
Imperial
—
| APM avg | 21.0 |
| APM peak | 46 |
| eAPM avg | 12.7 |
| Villagers / military | 133 / 32 |
Focus
⚔️ 14.9% · 🌾 85.1%
Fishing Ship ×18 · Organ Gun ×10 · Hulk ×9 · Battering Ram ×9 · Mangonel ×4
Feudal
14:11
Castle
27:20
Imperial
53:25
| APM avg | 42.9 |
| APM peak | 80 |
| eAPM avg | 24.5 |
| Villagers / military | 144 / 24 |
Focus
⚔️ 17.0% · 🌾 83.0%
Camel Scout ×23 · Fishing Ship ×20 · Trebuchet (Packed) ×1
Match map
Initial resources + every placement click. Lines = walls · curves = elevation contours. ◆ gold · ⬟ stone · ● berries · ✦ relic · ◌ wall gap
Your base· Open — 2t gap
49894723563's base· Open — unwalled flank
Smoothed initial terrain · ◌ = detected wall gap · hover for details
Inputs per minute
— Manzana - - 49894723563
Build order — Manzana
First 150 of 269 actions detected
| 0:05 | Build | Town Center |
| 0:32 | Build | House |
| 1:06 | Build | Dock |
| 2:23 | Queue | Villager (Male) |
| 2:25 | Queue | Villager (Male) |
| 2:25 | Queue | Villager (Male) |
| 2:25 | Queue | Villager (Male) |
| 2:25 | Queue | Villager (Male) |
| 2:26 | Queue | Villager (Male) |
| 3:41 | Queue | Fishing Ship |
| 3:53 | Queue | Villager (Male) |
| 3:53 | Queue | Villager (Male) |
| 3:53 | Queue | Villager (Male) |
| 4:17 | Queue | Fishing Ship |
| 4:40 | Build | House |
| 4:54 | Research | Loom |
| 5:04 | Queue | Fishing Ship |
| 5:23 | Build | House |
| 5:26 | Queue | Villager (Male) |
| 5:26 | Queue | Villager (Male) |
| 5:26 | Queue | Villager (Male) |
| 5:58 | Build | House |
| 6:05 | Queue | Fishing Ship |
| 6:11 | Queue | Villager (Male) |
| 6:12 | Queue | Villager (Male) |
| 6:37 | Queue | Fishing Ship |
| 6:42 | Queue | Villager (Male) |
| 6:42 | Queue | Villager (Male) |
| 6:42 | Queue | Villager (Male) |
| 7:06 | Queue | Villager (Male) |
| 7:12 | Queue | Fishing Ship |
| 7:16 | Queue | Villager (Male) |
| 7:26 | Build | Outpost |
| 7:40 | Queue | Villager (Male) |
| 7:40 | Queue | Villager (Male) |
| 8:01 | Queue | Fishing Ship |
| 8:03 | Queue | Villager (Male) |
| 8:03 | Queue | Villager (Male) |
| 8:39 | Queue | Villager (Male) |
| 8:44 | Build | House |
| 8:57 | Queue | Fishing Ship |
| 9:01 | Queue | Villager (Male) |
| 9:34 | Build | Outpost |
| 9:48 | Build | Palisade Wall |
| 10:14 | Queue | Villager (Male) |
| 10:17 | Build | Lumber Camp |
| 10:27 | Build | Outpost |
| 10:55 | Research | Feudal Age |
| 11:15 | Build | Outpost |
| 11:50 | Queue | Villager (Male) |
| 11:51 | Queue | Villager (Male) |
| 12:01 | Build | Outpost |
| 12:11 | Build | Mining Camp |
| 13:05 | Age | Feudal Age |
| 13:14 | Build | Blacksmith |
| 13:15 | Queue | Villager (Male) |
| 13:16 | Queue | Villager (Male) |
| 13:20 | Build | Mill |
| 13:24 | Research | Double-Bit Axe |
| 13:43 | Build | House |
| 14:09 | Build | Market |
| 14:39 | Build | House |
| 14:42 | Build | Palisade Gate |
| 14:46 | Build | House |
| 14:59 | Build | Mining Camp |
| 16:10 | Queue | Hulk |
| 16:21 | Research | Castle Age |
| 16:41 | Build | Outpost |
| 16:53 | Build | Palisade Wall |
| 17:47 | Build | Outpost |
| 18:59 | Queue | Villager (Male) |
| 19:00 | Queue | Villager (Male) |
| 19:01 | Age | Castle Age |
| 19:26 | Queue | Villager (Male) |
| 19:26 | Queue | Villager (Male) |
| 19:43 | Build | Siege Workshop |
| 19:45 | Queue | Villager (Male) |
| 19:46 | Queue | Villager (Male) |
| 19:53 | Build | Castle |
| 20:02 | Build | Palisade Gate |
| 20:07 | Build | House |
| 20:18 | Queue | Villager (Male) |
| 20:50 | Queue | Organ Gun |
| 20:51 | Queue | Organ Gun |
| 21:00 | Queue | Battering Ram |
| 21:36 | Build | Mining Camp |
| 21:43 | Queue | Villager (Male) |
| 21:44 | Queue | Villager (Male) |
| 21:48 | Build | Farm |
| 21:50 | Build | Farm |
| 22:08 | Queue | Villager (Male) |
| 22:09 | Queue | Villager (Male) |
| 22:44 | Build | Mining Camp |
| 22:55 | Queue | Mangonel |
| 23:25 | Queue | Villager (Male) |
| 23:25 | Queue | Villager (Male) |
| 23:36 | Queue | Organ Gun |
| 23:36 | Queue | Organ Gun |
| 24:00 | Queue | Villager (Male) |
| 25:25 | Queue | Mangonel |
| 25:39 | Build | Siege Workshop |
| 25:41 | Queue | Villager (Male) |
| 25:41 | Queue | Villager (Male) |
| 25:41 | Queue | Villager (Male) |
| 26:07 | Queue | Mangonel |
| 26:13 | Queue | Villager (Male) |
| 26:21 | Build | House |
| 26:26 | Build | Palisade Wall |
| 27:09 | Build | House |
| 27:15 | Build | Palisade Wall |
| 27:36 | Queue | Villager (Male) |
| 27:36 | Queue | Villager (Male) |
| 28:49 | Build | Castle |
| 28:57 | Queue | Villager (Male) |
| 28:57 | Queue | Villager (Male) |
| 29:25 | Build | Lumber Camp |
| 29:43 | Queue | Villager (Male) |
| 29:43 | Queue | Villager (Male) |
| 30:24 | Queue | Mangonel |
| 31:35 | Build | Castle |
| 31:45 | Queue | Villager (Male) |
| 31:46 | Queue | Villager (Male) |
| 31:46 | Queue | Villager (Male) |
| 33:02 | Build | Mining Camp |
| 33:17 | Build | Lumber Camp |
| 33:30 | Queue | Villager (Male) |
| 33:30 | Queue | Villager (Male) |
| 33:50 | Build | Lumber Camp |
| 34:08 | Queue | Villager (Male) |
| 34:08 | Queue | Villager (Male) |
| 34:10 | Build | Farm |
| 34:31 | Queue | Villager (Male) |
| 34:31 | Queue | Villager (Male) |
| 34:38 | Queue | Battering Ram |
| 34:49 | Queue | Organ Gun |
| 34:56 | Build | Outpost |
| 35:12 | Queue | Villager (Male) |
| 35:12 | Queue | Villager (Male) |
| 35:27 | Build | Dock |
| 35:30 | Queue | Villager (Male) |
| 35:43 | Queue | Organ Gun |
| 36:04 | Queue | Battering Ram |
| 36:28 | Queue | Villager (Male) |
| 36:28 | Queue | Villager (Male) |
| 36:29 | Queue | Villager (Male) |
| 36:35 | Build | Outpost |
| 36:47 | Build | Barracks |
| 37:00 | Build | Monastery |
| 37:10 | Queue | Fishing Ship |
| 37:10 | Queue | Fishing Ship |
Build order — 49894723563
First 150 of 376 actions detected
| 0:34 | Build | Town Center |
| 1:28 | Build | House |
| 2:37 | Queue | Villager (Male) |
| 2:37 | Queue | Villager (Male) |
| 2:37 | Queue | Villager (Male) |
| 2:37 | Queue | Villager (Male) |
| 3:43 | Queue | Villager (Male) |
| 3:43 | Queue | Villager (Male) |
| 4:28 | Queue | Villager (Male) |
| 4:33 | Build | House |
| 5:14 | Queue | Villager (Male) |
| 5:14 | Queue | Villager (Male) |
| 5:49 | Queue | Villager (Male) |
| 5:49 | Queue | Villager (Male) |
| 6:12 | Build | House |
| 6:22 | Build | House |
| 6:28 | Queue | Villager (Male) |
| 6:28 | Queue | Villager (Male) |
| 6:35 | Queue | Villager (Male) |
| 6:35 | Queue | Villager (Male) |
| 6:56 | Build | House |
| 7:28 | Build | House |
| 7:38 | Build | House |
| 7:52 | Queue | Villager (Male) |
| 7:52 | Queue | Villager (Male) |
| 8:07 | Queue | Villager (Male) |
| 8:07 | Queue | Villager (Male) |
| 8:07 | Queue | Villager (Male) |
| 8:07 | Queue | Villager (Male) |
| 8:08 | Queue | Villager (Male) |
| 8:40 | Build | Mill |
| 8:42 | Queue | Villager (Male) |
| 8:43 | Queue | Villager (Male) |
| 8:43 | Queue | Villager (Male) |
| 9:12 | Build | Outpost |
| 9:16 | Queue | Villager (Male) |
| 9:16 | Queue | Villager (Male) |
| 9:42 | Queue | Villager (Male) |
| 10:06 | Build | Outpost |
| 10:09 | Queue | Villager (Male) |
| 10:42 | Queue | Villager (Male) |
| 10:53 | Build | Lumber Camp |
| 10:54 | Queue | Villager (Male) |
| 11:07 | Queue | Villager (Male) |
| 11:28 | Queue | Villager (Male) |
| 11:33 | Research | Loom |
| 11:34 | Research | Feudal Age |
| 11:42 | Build | Outpost |
| 12:32 | Queue | Villager (Male) |
| 13:00 | Build | Barracks |
| 13:08 | Build | House |
| 13:51 | Queue | Villager (Male) |
| 13:58 | Build | Mining Camp |
| 14:11 | Age | Feudal Age |
| 14:18 | Queue | Villager (Male) |
| 14:19 | Queue | Villager (Male) |
| 14:27 | Queue | Villager (Male) |
| 14:27 | Queue | Villager (Male) |
| 14:31 | Research | Double-Bit Axe |
| 14:38 | Build | Watch Tower |
| 14:40 | Queue | Villager (Male) |
| 14:49 | Queue | Villager (Male) |
| 14:50 | Queue | Villager (Male) |
| 14:53 | Queue | Villager (Male) |
| 14:53 | Queue | Villager (Male) |
| 15:05 | Build | Palisade Wall |
| 15:05 | Build | Palisade Wall |
| 15:05 | Build | Palisade Wall |
| 15:06 | Build | Palisade Wall |
| 15:06 | Build | Palisade Wall |
| 15:06 | Build | Palisade Wall |
| 15:06 | Build | Palisade Wall |
| 15:07 | Build | Palisade Wall |
| 15:07 | Build | Palisade Wall |
| 15:08 | Build | Palisade Wall |
| 15:08 | Build | Palisade Wall |
| 15:11 | Queue | Villager (Male) |
| 15:24 | Build | Mill |
| 15:36 | Queue | Villager (Male) |
| 15:39 | Queue | Villager (Male) |
| 15:47 | Build | House |
| 16:15 | Build | Watch Tower |
| 16:20 | Queue | Villager (Male) |
| 16:29 | Build | Dock |
| 17:09 | Build | Watch Tower |
| 17:15 | Queue | Villager (Male) |
| 17:21 | Build | Blacksmith |
| 17:24 | Queue | Villager (Male) |
| 17:27 | Build | House |
| 18:04 | Build | Watch Tower |
| 18:11 | Queue | Villager (Male) |
| 18:14 | Research | Fletching |
| 18:14 | Research | Fletching |
| 18:16 | Queue | Villager (Male) |
| 18:19 | Build | House |
| 18:20 | Queue | Fishing Ship |
| 18:42 | Build | Outpost |
| 18:49 | Queue | Villager (Male) |
| 18:53 | Build | Farm |
| 18:57 | Queue | Fishing Ship |
| 19:00 | Build | House |
| 19:17 | Queue | Villager (Male) |
| 20:14 | Build | Watch Tower |
| 20:19 | Build | House |
| 20:20 | Queue | Villager (Male) |
| 20:24 | Build | Watch Tower |
| 20:27 | Queue | Villager (Male) |
| 20:33 | Build | Farm |
| 20:42 | Build | Mining Camp |
| 20:45 | Queue | Fishing Ship |
| 20:46 | Queue | Fishing Ship |
| 21:49 | Build | Watch Tower |
| 22:02 | Queue | Villager (Male) |
| 22:07 | Queue | Villager (Male) |
| 22:12 | Build | Watch Tower |
| 22:32 | Build | Watch Tower |
| 22:37 | Build | Watch Tower |
| 22:37 | Queue | Villager (Male) |
| 22:55 | Build | House |
| 22:56 | Queue | Fishing Ship |
| 23:50 | Queue | Villager (Male) |
| 23:54 | Build | Stable |
| 24:40 | Research | Castle Age |
| 25:41 | Build | Market |
| 25:47 | Queue | Fishing Ship |
| 25:47 | Queue | Fishing Ship |
| 26:05 | Build | Mining Camp |
| 26:41 | Queue | Villager (Male) |
| 27:20 | Age | Castle Age |
| 27:22 | Queue | Villager (Male) |
| 27:25 | Build | University |
| 27:29 | Queue | Villager (Male) |
| 27:38 | Build | Watch Tower |
| 27:45 | Queue | Villager (Male) |
| 27:45 | Queue | Villager (Male) |
| 28:06 | Queue | Villager (Male) |
| 28:12 | Research | Guard Tower (upgrade) |
| 28:13 | Research | Guard Tower (upgrade) |
| 28:19 | Research | Bodkin Arrow |
| 28:19 | Research | Bodkin Arrow |
| 28:20 | Queue | Villager (Male) |
| 28:28 | Queue | Villager (Male) |
| 28:54 | Build | Watch Tower |
| 28:59 | Queue | Villager (Male) |
| 28:59 | Queue | Villager (Male) |
| 29:16 | Build | Town Center |
| 29:23 | Build | House |
| 29:53 | Queue | Villager (Male) |
| 29:56 | Queue | Villager (Male) |
| 29:57 | Queue | Villager (Male) |
Match timeline
| 1:06 | Manzana · first_building Dock |
| 9:48 | Manzana · wall_segment Palisade Wall x12 |
| 13:00 | 49894723563 · first_building Barracks |
| 13:05 | Manzana · age_up feudal |
| 14:11 | 49894723563 · age_up feudal |
| 15:05 | 49894723563 · wall_segment Palisade Wall x1 |
| 15:05 | 49894723563 · wall_segment Palisade Wall x2 |
| 15:05 | 49894723563 · wall_segment Palisade Wall x1 |
| 15:06 | 49894723563 · wall_segment Palisade Wall x1 |
| 15:06 | 49894723563 · wall_segment Palisade Wall x1 |
| 15:06 | 49894723563 · wall_segment Palisade Wall x2 |
| 15:06 | 49894723563 · wall_segment Palisade Wall x1 |
| 15:07 | 49894723563 · wall_segment Palisade Wall x1 |
| 15:07 | 49894723563 · wall_segment Palisade Wall x2 |
| 15:08 | 49894723563 · wall_segment Palisade Wall x1 |
| 15:08 | 49894723563 · wall_segment Palisade Wall x1 |
| 16:29 | 49894723563 · first_building Dock |
| 16:53 | Manzana · wall_segment Palisade Wall x8 |
| 18:56 | Manzana · first_market_buy 100 stone |
| 19:01 | Manzana · age_up castle |
| 19:43 | Manzana · first_building Siege Workshop |
| 19:53 | Manzana · first_building Castle |
| 20:26 | Manzana · first_market_sell 100 wood |
| 23:54 | 49894723563 · first_building Stable |
| 26:26 | Manzana · wall_segment Palisade Wall x9 |
| 27:15 | Manzana · wall_segment Palisade Wall x1 |
| 27:20 | 49894723563 · age_up castle |
| 30:26 | 49894723563 · first_market_buy 100 stone |
| 36:47 | Manzana · first_building Barracks |
| 37:00 | Manzana · first_building Monastery |
| 48:52 | 49894723563 · first_building Castle |
| 50:25 | Manzana · first_building Stable |
| 50:43 | 49894723563 · first_building Siege Workshop |
| 53:19 | 49894723563 · wall_segment Stone Wall x1 |
| 53:19 | 49894723563 · wall_segment Stone Wall x2 |
| 53:20 | 49894723563 · wall_segment Stone Wall x1 |
| 53:20 | 49894723563 · wall_segment Stone Wall x2 |
| 53:20 | 49894723563 · wall_segment Stone Wall x1 |
| 53:21 | 49894723563 · wall_segment Stone Wall x2 |
| 53:21 | 49894723563 · wall_segment Stone Wall x2 |
| 53:22 | 49894723563 · wall_segment Stone Wall x2 |
| 53:22 | 49894723563 · wall_segment Stone Wall x1 |
| 53:22 | 49894723563 · wall_segment Stone Wall x2 |
| 53:23 | 49894723563 · wall_segment Stone Wall x1 |
| 53:25 | 49894723563 · age_up imperial |
| 53:33 | Manzana · resign |
[ AI ANALYSIS · 1 CREDIT ]
What really happened in this match?
Wolo.gg analyzes every decision: build order, eco, micro, common mistakes by bracket. Personalized analysis on WhatsApp or Discord in 30 seconds.
Civ guide
Portuguese
Perfil
Jugador #23720702